 Dungeon Crawl Stone Soup version 0.27-a0-1513-g2aaa0cc67b (webtiles) character file.

Game seed: 862990887041469384

42 blackman the Chopper (level 3, -8/29 HPs)
             Began as a Human Fighter on July 9, 2021.
             Succumbed to Crazy Yiuf's poison
             ... on level 2 of the Dungeon.
             The game lasted 00:03:54 (2403 turns).

blackman the Chopper (Human Fighter)                Turns: 2403, Time: 00:03:54

Health: -8/29      AC:  7    Str: 17    XL:     3   Next: 80%
Magic:  3/3        EV:  7    Int:  8    God:
Gold:   67         SH:  9    Dex: 12    Spells: 2/2 levels left

rFire    . . .     SeeInvis .   a - +0 war axe
rCold    . . .     Faith    .   c - +0 kite shield
rNeg     . . .     Spirit   .   b - +0 scale mail
rPois    .         Reflect  .   (no helmet)
rElec    .         Harm     .   (no cloak)
rCorr    .         Rampage  .   (no gloves)
Will     .....                  n - +0 pair of boots
Stlth    ..........             (no amulet)
HPRegen  0.09/turn              (no ring)
MPRegen  0.08/turn              (no ring)

@: lethally poisoned (-8 -> -38)
A: no striking features
a: no special abilities


You were on level 2 of the Dungeon.
You visited 1 branch of the dungeon, and saw 2 of its levels.

You collected 67 gold pieces.

Inventory:

Hand Weapons
 a - a +0 war axe (weapon)
Armour
 b - a +0 scale mail (worn)
 c - a +0 kite shield (worn)
 n - a +0 pair of boots (worn)
Jewellery
 p - a ring of protection from fire
Scrolls
 f - 2 scrolls of amnesia {unknown}
 g - a scroll of magic mapping {unknown}
 h - 3 scrolls of teleportation
 i - a scroll of fog {unknown}
 k - a scroll of enchant armour {unknown}
 l - a scroll of blinking {unknown}
 m - a scroll of identify {unknown}
 o - a scroll of brand weapon {unknown}
Potions
 d - a potion of might
 e - 3 potions of curing {unknown}
 j - 2 potions of heal wounds {unknown}


   Skills:
 - Level 3.0 Fighting
 * Level 3.8 Axes
 - Level 3.0 Armour
 - Level 3.0 Shields


You had 2 spell levels left.
You didn't know any spells.
Your spell library contained the following spells:

 Spells                   Type           Power      Damage    Failure   Level
 Fulminant Prism          Conj/Hex       0%         3d6       100%        4
 Iskenderun's Mystic Bla  Conj/Tloc      0%         2d3       100%        4
 Lee's Rapid Deconstruct  Erth           0%         3d5*      100%        5


Dungeon Overview and Level Annotations

Branches:
Dungeon (2/15)

Altars:

Annotations:
D:2 Crazy Yiuf


Message History

There is an open door here.
You open the door.
There is an open door here.
You now have 67 gold pieces (gained 12).
You open the gate.
There is an open gate here.
Found an escape hatch in the ceiling.
Things that are here:
a +0 club; a +0 short sword
Things that are here:
a +0 club; a +0 short sword
There is an open gate here.
You open the gate.
There is an open gate here.
Things that are here:
a +2 dagger of holy wrath; 5 stones Crazy Yiuf shouts!
Crazy Yiuf twirls on the spot.
Press: ? - help, v - describe, . - travel
Here: Crazy Yiuf, wielding a +2 quarterstaff of chaos and wearing a +0 cloak (fire blocked by a runed translucent door)
The floor.
Unknown command.
Unknown command.
You open the door. You slash Crazy Yiuf!
Crazy Yiuf is severely wounded.
Crazy Yiuf hits you with a +2 quarterstaff of chaos.
You are poisoned.
You hit Crazy Yiuf.
Crazy Yiuf is almost dead.
You feel very sick.
Crazy Yiuf says, "Line!
Trifle shoe sanguine."
Crazy Yiuf hits you with a +2 quarterstaff of chaos!
You resist with some effort.
Crazy Yiuf hits you with a +2 quarterstaff of chaos!
* * * LOW HITPOINT WARNING * * *
You are more poisoned.
You closely miss Crazy Yiuf.
Crazy Yiuf is almost dead.
You die...

#..........#.##
#....)......
#.####.....#.#
#.....#.#... #.#
#.>...#.#
#.....#..... #.#
#########
###.######.. #.#
#.##......
#.########
####<.....
#.##...#.### ###
#......
#.......#..##...#
#######
#......####@g...#
##.#..## ###..)#
###### ###


You could see Crazy Yiuf.

Vanquished Creatures
  An adder (D:2)
  4 endoplasms
  A giant cockroach (D:2)
  4 goblins (D:2)
  3 hobgoblins
  6 kobolds
  2 quokkas (D:2)
  4 ball pythons
  A bat (D:1)
  2 frilled lizards
  3 rats
31 creatures vanquished.

Notes
Turn   | Place    | Note
-------+----------+-------------------------------------------
     0 | D:1      | blackman the Human Fighter began the quest for the Orb.
     0 | D:1      | Reached XP level 1. HP: 18/18 MP: 1/1
   749 | D:1      | Reached XP level 2. HP: 23/24 MP: 2/2
  1689 | D:2      | Reached XP level 3. HP: 29/29 MP: 3/3
  2178 | D:2      | Found a runed translucent door.
  2179 | D:2      | Noticed Crazy Yiuf
  2225 | D:2      | Found a faded altar of an unknown god.
  2402 | D:2      | HP: 1/29 [Crazy Yiuf (11)]
  2403 | D:2      | Succumbed to Crazy Yiuf's poison

Illustrated notes

Levels and vault maps discovered:
D:1:      dpeg_arrival_houses_and_road, layout_loops_ring
D:2:      layout_rooms, shapermc_ecumenical_altar_mp_vishouse,
          kennysheep_cluttered_room, minmay_tromino_i4, uniq_crazy_yiuf_cottage

Skill      XL: |  1  2 |
---------------+-------+-----
Axes           | 3 |  3.8
Fighting       | |  3.0
Armour         | |  3.0
Shields        | |  3.0

Action                   || total
-------------------------++-------
Melee: War axe           ||    85
  Use: Scroll            ||     1
Armor: Scale mail        ||    36
Dodge: Dodged            ||    20
Block: Kite shield       ||    44

Table legend: (Time is in decaauts)
 A = Elapsed time spent in this place.
 B = Non-inter-level travel time spent in this place.
 C = Inter-level travel time spent in this place.
 D = Time resting spent in this place.
 E = Time spent auto-exploring this place.
 F = Levels seen in this place.
 G = Mean time per level.
                   A        B        C        D        E       F      G
               +--------+--------+--------+--------+--------+-----+--------+
         Total |   2452 |   2441 |     11 |    782 |   1427 |   2 | 1226.0 |
       Dungeon |   2452 |   2441 |     11 |    782 |   1427 |   2 | 1226.0 |
               +--------+--------+--------+--------+--------+-----+--------+

Top non-repeatable levels by time:
     D:1: 1353 daAuts
     D:2: 1098 daAuts
